 Dungeon Crawl Stone Soup version 0.17-a0-2028-g5c22979 (webtiles) character file.

2582 Jackolantern the Nimble (level 9, 0/89 HPs)
             Began as a Troll Berserker on Oct 11, 2015.
             Was a Priest of Trog.
             Slain by a yak (10 damage)
             ... on level 10 of the Dungeon.
             The game lasted 00:08:05 (1374 turns).

Jackolantern the Nimble (Troll Berserker)           Turns: 1374, Time: 00:08:05

Health: 0/89       AC:  7    Str: 30    XL:     9   Next: 32%
Magic:  8/8        EV: 12    Int:  3    God:    Trog [***...]
Gold:   81         SH:  0    Dex:  9    Spells: 0 memorised, 8 levels left

rFire  . . .     SeeInvis .       - Unarmed
rCold  . . .     Clarity  .     a - +0 animal skin
rNeg   . . .     SustAt   .     (no shield)
rPois  .         Gourm    +     f - +2 hat
rElec  .         Spirit   .     (no cloak)
rCorr  .         Warding  .     (gloves unavailable)
rMut   .         Stasis   .     (boots unavailable)
MR     .....                    (no amulet)
Stlth  +.........               (no ring)
                                (no ring)

@: exhausted, slowed, very slow, not resistant to hostile enchantments, very
unstealthy
A: unfitting armour, claws 3, fast metabolism 3, gourmand, regeneration 2,
shaggy fur 1, tough skin 2
a: Burn Spellbooks, Berserk, Trog's Hand, Renounce Religion


You were on level 10 of the Dungeon.
You worshipped Trog.
Trog was most pleased with you.
You were not hungry.

You visited 1 branch of the dungeon, and saw 10 of its levels.

You collected 81 gold pieces.

Inventory:

Armour
 a - a +0 animal skin (worn)
 f - a +2 hat (worn)
Jewellery
 r - an uncursed amulet of clarity {unknown}
Wands
 q - a wand of slowing (20)
Scrolls
 e - 3 scrolls of remove curse {unknown}
 g - 3 scrolls of identify {unknown}
 h - a scroll of amnesia {unknown}
 j - a scroll of brand weapon {unknown}
 k - a scroll of fog {unknown}
 n - a scroll of blinking {unknown}
 o - a scroll of teleportation {unknown}
 p - a scroll of enchant armour {unknown}
Potions
 c - a potion of brilliance {unknown}
 d - 2 potions of invisibility {unknown}
 i - 2 potions of curing {unknown}
 l - a potion of agility {unknown}
 s - a potion of heal wounds {unknown}
 t - a potion of berserk rage {unknown}
Books
 b - a book of the Tempests

   Spells                             Type                      Level
   a - Static Discharge               Conjuration/Air              3
   b - Lightning Bolt                 Conjuration/Air              5
   c - Fireball                       Conjuration/Fire             5
   d - Tornado                        Air                          9
   e - Shatter                        Earth                        9
   Trog disapproves of the use of such an item.
 u - a book of Enchantments

   Spells                             Type                      Level
   a - Cause Fear                     Hexes                        4
   b - Silence                        Hexes/Air                    5
   c - Deflect Missiles               Charms/Air                   6
   d - Haste                          Charms                       6
   e - Discord                        Hexes                        8
   Trog disapproves of the use of such an item.
Comestibles
 m - 2 bread rations


   Skills:
 + Level 5.7 Fighting
 + Level 8.0 Dodging
 + Level 0.2 Stealth
 + Level 7.0 Unarmed Combat


You had 8 spell levels left.
You didn't know any spells.

Dungeon Overview and Level Annotations

Branches:
Dungeon (10/15)            Temple (0/1) D:5
   Lair: D:8-11         Orc: D:9-12

Altars:
Ashenzari
Fedhas
Gozag
Sif Muna
Zin

Shops:
D:8 *


Innate Abilities, Weirdness & Mutations

You are too large for most types of armour.
You have claws for hands.
Your metabolism is lightning-fast.
You like to eat raw meat.
You heal very quickly.
You are covered in fur (AC +1).
You have very tough skin (AC +2).


Message History

You barely miss the yak.
The yak is severely wounded.
The yak gores you. The yak gores you but does no damage. The yak gores you.
* * * LOW HITPOINT WARNING * * *
You scratch the yak.
The yak is severely wounded.
The yak barely misses you. x2
You completely miss the yak.
The yak is severely wounded.
The yak gores you!
* * * LOW HITPOINT WARNING * * *
The yak barely misses you. The yak gores you.
* * * LOW HITPOINT WARNING * * *
Unknown command.
The yak gores you!
* * * LOW HITPOINT WARNING * * *
The yak misses you. The yak gores you!
You die...

#....#.## +#
##+###.###.#
#......#...# ###
##.....#...#
#...##.....+...#
#..........#...#
#..........#...+
#...##...####<#
#..
#>.@####.###+##
#
+...YY..........
#...............
#..............!
#...............
+...............
#+####..####+###
#..# ....


You could see 2 yaks.

Vanquished Creatures
  The ghost of ghostronpaul the Magician, a novice VSEn of Makhleb (D:8)
  8 yaks
  An ice beast (D:4)
  An orc warrior (D:6)
  An ogre (D:6)
  A big kobold (D:8)
  A centaur (D:8)
  2 giant frogs
  2 scorpions
  An iguana (D:7)
  5 orc priests
  2 hounds
  An orc wizard (D:6)
  2 worker ants
  A hound skeleton (D:6)
  A shadow imp (D:9)
  An adder (D:3)
  3 giant geckos
  10 orcs
  A bat (D:3)
  3 giant cockroaches
  3 goblins
  3 jackals (D:6)
  A quokka (D:2)
  2 ball pythons
  6 kobolds
  A rat (D:3)
  3 butterflies (D:5)
68 creatures vanquished.

Notes
Turn   | Place    | Note
--------------------------------------------------------------
     0 | D:1      | Jackolantern the Troll Berserker began the quest for the Orb.
     0 | D:1      | Reached XP level 1. HP: 22/22 MP: 0/0
    26 | D:1      | Found a shattered altar of Ashenzari.
   219 | D:2      | Found a glowing silver altar of Zin.
   227 | D:2      | Found an opulent altar of Gozag.
   232 | D:2      | Found a deep blue altar of Sif Muna.
   307 | D:3      | Reached XP level 2. HP: 29/29 MP: 1/1
   369 | D:3      | You fall through a shaft!
   374 | D:4      | Reached XP level 3. HP: 36/36 MP: 2/2
   385 | D:4      | Reached XP level 4. HP: 36/45 MP: 3/3
   389 | D:4      | Acquired Trog's second power
   456 | D:4      | Noticed an ice beast
   464 | D:4      | Killed an ice beast
   464 | D:4      | Reached skill level 4 in Dodging
   464 | D:4      | Reached XP level 5. HP: 53/53 MP: 4/4
   503 | D:4      | Found Gonwown's Magic Scroll Emporium.
   558 | D:4      | Noticed a scorpion
   567 | D:4      | Killed a scorpion
   602 | D:5      | Entered Level 5 of the Dungeon
   626 | D:5      | Found a staircase to the Ecumenical Temple.
   698 | D:6      | Noticed an orc warrior
   702 | D:6      | Reached XP level 6. HP: 61/61 MP: 5/5
   704 | D:6      | Noticed an ogre
   708 | D:6      | Killed an orc warrior
   715 | D:6      | Killed an ogre
   735 | D:6      | Reached skill level 5 in Dodging
   739 | D:6      | Reached XP level 7. HP: 18/70 MP: 6/6
   975 | D:7      | Found a blossoming altar of Fedhas.
  1008 | D:8      | Found Ymup's Assorted Antiques.
  1011 | D:8      | Noticed ghostronpaul's ghost (novice VSEn)
  1026 | D:8      | Killed ghostronpaul's ghost
  1026 | D:8      | Reached skill level 6 in Dodging
  1026 | D:8      | Reached skill level 5 in Unarmed Combat
  1026 | D:8      | Reached XP level 8. HP: 79/79 MP: 7/7
  1095 | D:8      | Reached skill level 5 in Fighting
  1164 | D:9      | Reached skill level 7 in Dodging
  1285 | D:10     | Entered Level 10 of the Dungeon
  1299 | D:10     | Reached XP level 9. HP: 88/88 MP: 8/8
  1361 | D:10     | Reached skill level 8 in Dodging
  1374 | D:10     | Slain by a yak

Vault maps used:
D:1:      minmay_arrival_arboretum_small, evilmike_ruin_ashenzari
D:2:      overflow_temple_1_default, makhleb_heckhound_becter,
          okawaru_altar_gauntlet_db, yredelemnul_altar_generic, minitemple,
          uniq_sigmund
D:3:      first_bread
D:4:      nicolae_overflow_crystal_walls, serial_shops,
          nicolae_shop_temple_entry_statues_fountains, nicolae_shop_crystal,
          shop, columned_hall_lemuel, nemelex_spade_bored_becter
D:5:      minmay_temple_entry_butterflies, portal_sewer_entry_e, serial_shops,
          shop, uniq_prince_ribbit1
D:6:      minmay_joined_circles
D:7:      kennysheep_mini_moat, grunt_ogre_cave, lightli_minifort
D:8:      overflow_temple_1_default, nicolae_ru_awakened_eye, dpeg_oklobed_lair,
          serial_shops, nicolae_shop_overgrown_old_shop, enter_bailey_3,
          nicolae_blasting_shop, uniq_erolcha
D:9:      david_orc_2, corner_web_ring
D:10:     basic_altar, minmay_misc_feat_nine_boxes, kennysheep_generic_room_3

Action                   |  1- 3 |  4- 6 |  7- 9 || total
-------------------------+-------+-------+-------++-------
Melee: Unarmed           |    43 |    55 |   122 ||   220
Invok: Berserk           |     1 |     2 |     3 ||     6
       Trog's Hand       |       |     1 |       ||     1
  Eat: Chunk             |       |     2 |     1 ||     3
       Bread ration      |       |     1 |     2 ||     3
